Map: Para Site LE

Players

Yocto - Winner!

  • Race: Zerg Zerg
  • Spawn Location: 11:00

ace

  • Race: Terran Terran
  • Spawn Location: 5:00

VOD

Have the link to the VOD?

Description

Time

  • Played on: Dec. 20, 2018, 8:08 a.m.
  • Length: 10:13
Show
View Real Time Build Order
Export as new Build Order

Yocto Zerg - Winner!

Build Orders: Hatch First, Muta Ling Bane 

Get SALT Encoding   

  12  0:01  Drone  
  13  0:14  Overlord  
  13  0:18  Drone  
  14  0:39  Drone  
  14  0:40  Drone x2  
  17  1:03  Hatchery  
  17  1:04  Drone x2  
  17  1:08  Extractor  
  17  1:27  Spawning Pool  
  17  1:28  Drone x2  
  18  1:35  Drone  
  19  1:45  Overlord  
  19  2:07  Drone x2  
  21  2:15  Queen  
  23  2:17  Metabolic Boost  
  23  2:18  Queen  
  23  2:22  Zergling x4  
  27  2:34  Drone  
  27  2:35  Drone  
  29  2:45  Drone x2  
  29  2:50  Overlord  
  31  2:55  Queen  
  33  3:00  Queen  
  33  3:03  Drone  
  36  3:08  Extractor  
  36  3:12  Drone x3  
  38  3:20  Baneling Nest  
  38  3:21  Drone  
  38  3:25  Overlord  
  38  3:30  Zergling x2  
  38  3:31  Zergling x4  
  41  3:39  Queen  
  43  3:45  Spore Crawler  
  43  3:48  Spore Crawler  
  41  3:55  Queen  
  43  4:04  Zergling x4  
  43  4:05  Zergling x4  
  47  4:11  Overlord  
  47  4:23  Overlord x2  
  46  4:47  Drone x5  
  46  4:48  Drone x5  
  56  4:56  Lair  
  56  5:01  Overlord  
  54  5:45  Spine Crawler  
  53  5:51  Extractor, Drone x3  
  55  5:57  Hatchery  
  55  5:58  Spire, Drone x3  
  55  5:59  Drone  
  55  6:01  Drone x3  
  60  6:08  Extractor  
  60  6:09  Drone x3  
  62  6:11  Overlord x3  
  62  6:12  Overlord  
  62  6:16  Baneling x4  
  62  6:17  Baneling x3  
  62  6:24  Zergling x2  
  62  6:25  Zergling x6  
  66  6:37  Zergling x8  
  66  6:38  Zergling x4  
  72  6:45  Evolution Chamber  
  71  6:47  Evolution Chamber  
  71  6:52  Zergling x8  
  71  6:53  Extractor  
  73  7:09  Queen  
  73  7:12  Drone  
  73  7:13  Drone x6  
  82  7:35  Mutalisk x7  
  82  7:36  Mutalisk  
  98  7:47  Zerg Melee Weapons Level 1  
  98  7:49  Zerg Ground Armor Level 1  
  98  7:50  Centrifical Hooks  
  98  7:53  Zergling x6  
  98  7:54  Zergling x2  
  102  8:03  Zergling x12  
  102  8:04  Zergling x2  
  106  8:31  Zergling x2  
  106  8:32  Zergling x16  
  113  8:46  Overlord  
  113  8:47  Overlord x4  
  113  9:02  Overlord x3  
  113  9:11  Baneling x7  
  113  9:12  Baneling x6  
  113  9:14  Zergling x6  
  116  9:22  Extractor  
  115  9:27  Zergling x4  
  115  9:28  Zergling x10  
  101  9:49  Zergling x4  
  101  9:50  Zergling x14  
Show
View Real Time Build Order
Export as new Build Order

ace Terran 

Build Orders:  

Get SALT Encoding   

  12  0:01  SCV  
  13  0:13  Supply Depot  
  13  0:18  SCV  
  14  0:25  Refinery  
  14  0:39  Barracks  
  14  0:41  SCV  
  15  0:50  Refinery  
  15  0:54  SCV  
  16  1:06  SCV  
  17  1:19  SCV  
  18  1:28  Factory  
  18  1:29  Barracks Tech Lab  
  18  1:32  SCV  
  19  1:44  SCV  
  20  1:48  Stimpack  
  20  1:51  Marine  
  21  1:56  SCV  
  22  2:09  Supply Depot  
  22  2:17  Orbital Command  
  22  2:22  Factory Tech Lab  
  22  2:24  Marine  
  23  2:38  Starport  
  23  2:47  Siege Tank  
  26  2:52  SCV  
  26  2:56  Marine  
  28  3:05  SCV  
  29  3:13  Marine  
  30  3:22  Supply Depot  
  30  3:31  Marine  
  31  3:43  Siege Tank, Medivac  
  31  3:44  Supply Depot  
  36  3:56  Marine  
  37  4:07  Command Center  
  37  4:29  Combat Shield  
  37  4:30  Marine  
  38  4:33  Starport Reactor  
  38  4:35  SCV  
  39  4:40  Supply Depot  
  39  4:47  SCV  
  39  4:52  Engineering Bay  
  40  4:55  Barracks  
  40  4:59  SCV  
  41  5:03  Engineering Bay  
  41  5:12  SCV  
  42  5:24  SCV  
  34  5:36  Orbital Command  
  34  5:38  SCV  
  34  5:40  Terran Infantry Weapons Level 1  
  34  5:41  Terran Infantry Armor Level 1  
  35  5:43  Marine  
  35  5:45  Medivac x2  
  40  5:50  SCV  
  40  5:56  Barracks Reactor  
  41  5:58  Orbital Command  
  41  6:02  SCV  
  42  6:08  Siege Tank  
  45  6:14  SCV  
  46  6:26  SCV  
  46  6:32  Barracks Reactor  
  47  6:34  Marine  
  47  6:35  Marine  
  47  6:38  SCV  
  50  6:50  Armory, SCV x2  
  52  6:58  Supply Depot  
  52  6:59  Supply Depot  
  52  7:02  SCV  
  52  7:03  SCV  
  54  7:14  SCV  
  54  7:15  SCV  
  56  7:21  Marine x3  
  56  7:22  Marine  
  60  7:24  Siege Tank  
  60  7:26  SCV  
  60  7:27  SCV  
  65  7:34  Refinery  
  65  7:38  Refinery, SCV  
  65  7:39  SCV  
  67  7:48  Marine x4  
  67  7:49  Command Center  
  71  8:00  Drilling Claws  
  71  8:03  Siege Tank  
  74  8:05  Marine  
  74  8:06  Marine x3  
  77  8:23  Marine  
  77  8:24  Marine x3  
  77  8:41  Marine  
  77  8:42  Marine  
  76  9:10  Siege Tank  
  76  9:11  Marine x3  
  76  9:12  Marine  
  83  9:20  Barracks  
  83  9:25  Barracks, Command Center  
  83  9:26  Barracks  
  83  9:27  Barracks  
  83  9:28  Command Center  
Tags
 
Composition
Muta Ling Bane
Matchup
TvZ
Replay Pack
Yocto
Spawn Locations
Cross Positions
Add a new tag
Caveats
  • Supply blocks, unpowered buildings, or Contaminate may cause inaccurate times.
  • Supply counts are checked every 10 seconds.